 Dungeon Crawl Stone Soup version 0.30.1-11-g7821555f0a (webtiles) character file.

Game seed: 14110217014704176262

260 Destapler the Insei (level 5, -1/44 HPs)
             Began as a Draconian Transmuter on Dec 23, 2023.
             Was a Believer of Qazlal.
             Succumbed to Edmund's poison
             ... on level 4 of the Dungeon.
             The game lasted 00:13:15 (3083 turns).

Destapler the Insei (Draconian Transmuter)          Turns: 3083, Time: 00:13:16

Health: -1/44      AC:  6    Str: 12    XL:     5   Next: 95%
Magic:  6/9        EV: 12    Int: 14    God:    Qazlal [**....]
Gold:   176        SH:  2    Dex: 13    Spells: 3/9 levels left

rFire   . .          .
                       - Unarmed
rCold   . . .        (no shield)
rNeg    . . .        (body armour unavailable)
rPois   .            (helmet currently unavailable)
rElec   .            m - +0 cloak
rCorr   .            (no gloves)
SInv    .            (boots currently unavailable)
Will    .....        (no amulet)
Stlth   +            (no ring)
HPRegen 0.27/turn    (no ring)
MPRegen 0.11/turn

%: no passive effects
@: lethally poisoned (-1 -> -32), appendages, wereblooded, flying
A: horns 2, talons 2, AC +5, unfitting armour, cold-blooded
a: End Transformation, Renounce Religion, Upheaval


You were on level 4 of the Dungeon.
You worshipped Qazlal.
Qazlal was pleased with you.
You had temporarily grown beastly horns and talons.
You visited 1 branch of the dungeon, and saw 4 of its levels.

You collected 176 gold pieces.

Inventory:

Missiles
 c - 16 poisoned darts
Armour
 m - a +0 cloak (worn)
Scrolls
 d - a scroll of teleportation {unknown}
 i - a scroll of fear {unknown}
 k - a scroll of magic mapping {unknown}
 l - a scroll of vulnerability {unknown}
 n - a scroll of enchant weapon {unknown}
 q - a scroll of fog {unknown}
 s - a scroll of torment {unknown}
 t - a scroll of identify {unknown}
 u - 3 scrolls of poison {unknown}
Potions
 a - 2 potions of lignification
 e - a potion of heal wounds {unknown}
 f - a potion of haste {unknown}
 h - a potion of brilliance {unknown}
 j - a potion of mutation {unknown}
 o - a potion of invisibility {unknown}
 p - a potion of magic {unknown}
 r - a potion of curing {unknown}


   Skills:
 + Level 2.9 Fighting
 + Level 0.7 Ranged Weapons
 - Level 3.0 Dodging
 - Level 0.8 Stealth
 - Level 3.0 Unarmed Combat
 + Level 2.9 Spellcasting
 - Level 3.0 Transmutations
 * Level 2.7 Invocations


You had 3 spell levels left.
You knew the following spells:

 Your Spells              Type           Power      Damage    Failure   Level
a - Beastly Appendage     Tmut           20%        N/A       6%          1
b - Wereblood             Tmut           10%        N/A       10%         2
c - Spider Form           Tmut/Pois      6%         N/A       34%         3

Your spell library contained the following spells:

 Spells                   Type           Power      Damage    Failure   Level
 Call Canine Familiar     Summ           2%         N/A       54%         3
 Frozen Ramparts          Ice            4%         1d1       54%         3
 Portal Projectile        Hex/Tloc       4%         N/A       54%         3
 Ice Form                 Ice/Tmut       6%         N/A       75%         4
 Leda's Liquefaction      Hex/Erth       1%         N/A       91%         4
 Passage of Golubria      Tloc           2%         N/A       91%         4
 Summon Ice Beast         Ice/Summ       2%         N/A       91%         4
 Silence                  Hex/Air        1%         N/A       99%         5
 Lehudib's Crystal Spear  Conj/Erth      1%         10d2      100%        8


Dungeon Overview and Level Annotations

Branches:
Dungeon (4/15)             Temple (0/1) D:4

Altars:
Hepliaklqana
Kikubaaqudgha
Qazlal
Uskayaw

Annotations:
D:3 3 runed translucent doors, ababab's ghost, amateur FeEn
D:4 Edmund


Innate Abilities, Weirdness & Mutations

You have temporarily grown beastly horns and talons.
Your plain brown scales are hard. (AC +5)
You cannot fit into any form of body armour.
You are cold-blooded and may be slowed by cold attacks.


Message History

You barely miss the hobgoblin. The hobgoblin barely misses you.
You grow a pair of large bovine horns.
Your feet morph into talons.
The hobgoblin closely misses you.
You barely miss the hobgoblin. You headbutt the hobgoblin.
You feel a bit better.
You kill the hobgoblin!
Qazlal accepts your kill.
Your primal bloodlust has ended.
You hear a shout!
Edmund the Younger comes into view.
He is wielding a +6 dire flail of venom.
Casting: Beastly Appendage (safe; 6% risk of failure)
Confirm with . or Enter, or press ? or * to list all spells.
Your blood is infused with primal strength.
Casting: Wereblood (safe; 10% risk of failure)
Confirm with . or Enter, or press ? or * to list all spells.
You extend your transformation's duration.
Edmund hits you with a +6 dire flail of venom!
You are lethally poisoned!
You barely miss Edmund. You tail-slap Edmund.
Edmund is lightly wounded.
* * * LOW HITPOINT WARNING * * *
You feel extremely sick. Edmund barely misses you.
You hit Edmund. You claw Edmund.
Edmund is moderately wounded.
* * * LOW HITPOINT WARNING * * *
You feel very sick. Edmund barely misses you.
You hit Edmund but do no damage. You headbutt Edmund, but do no damage.
Your tail-slap misses Edmund.
Edmund is moderately wounded.
* * * LOW HITPOINT WARNING * * *
You feel very sick.
Edmund hits you with a +6 dire flail of venom.
* * * LOW HITPOINT WARNING * * *
You are more poisoned.
It was a potion of flight.
You feel very buoyant.
You fly up into the air.
You die...

#...#####......
#...# #(#..#.
#...# #......
#.).# #.##.##
#...# ####...
##########...# ##
###.
.............##...
.
.................
.......@..†..##(..
.......@°.........
########>##..##...
#.# ..# . ... ..#
......# ....###
...#


You could see Edmund.

Vanquished Creatures
  A phantom (D:4)
  Jessica (D:2)
  An orc wizard (D:3)
  3 gnolls (D:3)
  5 adders
  A worm (D:3)
  2 dart slugs
  4 orcs (D:3)
  4 ball pythons
  2 endoplasms (D:1)
  7 giant cockroaches
  4 hobgoblins
  2 jackals (D:3)
  7 kobolds
  A quokka (D:1)
  2 bats (D:1)
  2 frilled lizards
  4 goblins
  4 rats
57 creatures vanquished.

Notes
Turn   | Place    | Note
-------+----------+-------------------------------------------
     0 | D:1      | Destapler the Draconian Transmuter began the quest for the
                  | Orb.
     0 | D:1      | Reached XP level 1. HP: 16/16 MP: 3/3
   238 | D:1      | Reached XP level 2. HP: 23/23 MP: 3/5
   322 | D:1      | Found a faded altar of an unknown god.
   384 | D:1      | Prayed at the altar of an unknown god.
   384 | D:1      | Became a worshipper of Qazlal Stormbringer
   384 | D:1      | Reached * piety under Qazlal
   963 | D:1      | Reached XP level 3. HP: 28/29 MP: 4/6
   966 | D:1      | Learned a level 2 spell: Wereblood
   970 | D:1      | Learned a level 3 spell: Spider Form
  1352 | D:2      | Found an ancient bone altar of Kikubaaqudgha.
  1444 | D:2      | Reached ** piety under Qazlal
  1480 | D:2      | Reached XP level 4. HP: 36/36 MP: 5/7
  1513 | D:2      | Noticed Jessica
  1534 | D:2      | Killed Jessica
  1822 | D:3      | Found a hazy altar of Hepliaklqana.
  2081 | D:3      | Reached skill level 1 in Invocations
  2089 | D:3      | Reached XP level 5. HP: 12/42 MP: 2/8
  2259 | D:3      | Found a hide-covered altar of Uskayaw.
  2699 | D:3      | Found a runed translucent gate.
  2700 | D:3      | Found a runed translucent gate.
  2700 | D:3      | Found a runed translucent gate.
  2700 | D:3      | Noticed ababab's ghost (amateur FeEn)
  2855 | D:4      | Found a staircase to the Ecumenical Temple.
  2915 | D:4      | Noticed a phantom
  3043 | D:4      | Identified the +0 sling "Plog" {freeze, Drain +Blink rPois
                  | rCorr}
  3066 | D:4      | Killed a phantom
  3076 | D:4      | Noticed Edmund
  3083 | D:4      | Succumbed to Edmund's poison

Illustrated notes

Levels and vault maps discovered:
D:1:      ncdulo_smallfort, layout_loops_ring, basic_ecumenical_altar,
          serial_rivers, chequers_serial_rivers_large_a,
          chequers_serial_rivers_large_b, chequers_serial_rivers_small_b,
          chequers_serial_rivers_marsh, chequers_serial_rivers_small_3,
          minmay_pentomino_q4
D:2:      layout_loops_ring, basic_altar, uniq_jessica
D:3:      layout_loops_cross, nicolae_uskayaw_murder_on_the_dancefloor,
          nicolae_overflow_crystal_walls, biasface_ghost_orc_armoury,
          serial_bayou_lagoon_a, kennysheep_decorative_pillar
D:4:      layout_basic, minmay_temple_entry_sparse_star, serial_shops,
          nicolae_shop_back_alley_shop, uniq_edmund

Skill      XL: |  1  2  3  4  5 |
---------------+----------------+-----
Dodging        | 2 3 |  3.0
Fighting       | 2 |  2.9
Transmutations | 3 |  3.0
Invocations    | 1 2 |  2.7
Ranged Weapons | |  0.7
Stealth        | |  0.8
Unarmed Combat | |  3.0
Spellcasting   | |  2.9

Action                     |  1- 3 |  4- 6 || total
---------------------------+-------+-------++-------
  Melee: Unarmed           |    83 |    98 ||   181
         Kick              |    18 |    25 ||    43
         Tailslap          |     9 |    13 ||    22
         Headbutt          |     4 |    12 ||    16
         Punch             |       |     3 ||     3
   Cast: Beastly Appendage |    25 |    16 ||    41
         Wereblood         |     2 |     6 ||     8
 Invoke: Upheaval          |       |     1 ||     1
    Use: Potion            |       |     1 ||     1
 Armour: Skin              |    21 |    32 ||    53
  Dodge: Dodged            |    50 |    35 ||    85
  Block: Other             |     6 |    12 ||    18
